 Dungeon Sprint DCSS version 0.29-a0-384-g6960b1960d (webtiles) character file.

Game seed: 10636158846826092655

5903 mhtbhm the Severer (level 10, -1/108 HPs)
             Began as a Minotaur Berserker on May 7, 2022.
             Was the Champion of Trog.
             Slain by a jumping spider (14 damage)
             ... in the Dungeon (Sprint VII: "The Pits").
             The game lasted 00:02:52 (1910 turns).

mhtbhm the Severer (Minotaur Berserker)             Turns: 1910, Time: 00:02:52

Health: -1/108     AC: 21    Str: 26    XL:     10   Next: 53%
Magic:  9/9        EV: 12    Int:  4    God:    Trog [******]
Gold:   0          SH:  0    Dex: 13    Spells: 9/9 levels left

rFire   . . .      SeeInvis .   a - +2 war axe (vorpal)
rCold   . . .      Faith    .   (no shield)
rNeg    . . .      Spirit   .   b - +4 chain mail
rPois   .          Reflect  .   (helmet restricted)
rElec   .          Harm     .   o - +0 cloak
rCorr   .          Rampage  .   (no gloves)
Will    .....      NoTele   +   (no boots)
Stlth   ..........              (no amulet)
HPRegen 0.28/turn               k - +3 ring of protection
MPRegen 0.11/turn               l - +3 ring of dexterity

@: no status effects
A: horns 2, retaliatory headbutt
a: Renounce Religion, Berserk, Trog's Hand, Brothers in Arms


You were in the Dungeon.
You worshipped Trog.
Trog was exalted by your worship.
You visited 1 branch

Inventory:

Hand Weapons
 a - a +2 vorpal war axe (weapon)
Armour
 b - a +4 chain mail (worn)
 o - a +0 cloak (worn)
Jewellery
 k - a +3 ring of protection (left hand)
 l - a +3 ring of dexterity (right hand)
Scrolls
 h - a scroll of blinking
 j - a scroll of summoning
Potions
 c - 6 potions of curing
 d - 11 potions of heal wounds
 e - a potion of haste
 f - 4 potions of magic
 g - 3 potions of berserk rage
 i - 2 potions of invisibility
 m - a potion of mutation
 n - a potion of might


   Skills:
 + Level 16.7 Fighting
 + Level 18.7 Axes
 + Level 13.0 Armour
 + Level 8.4 Dodging
 + Level 5.7 Stealth


You had 9 spell levels left.
You didn't know any spells.
Your spell library was empty.

Dungeon Overview and Level Annotations

Branches:
Dungeon (1/1)

Altars:
Cheibriados
Dithmenos
Elyvilon
Fedhas
Gozag
Hepliaklqana
Makhleb
Nemelex Xobeh
Okawaru
Qazlal
Ru
Sif Muna
Trog
Wu Jian
Xom
Yredelemnul
Zin
The Shining One
Jiyva


Innate Abilities, Weirdness & Mutations

You have a pair of horns on your head.
You reflexively headbutt those who attack you in melee.


Message History

You feel sick.
The jumping spider leaps!
You see here a redback corpse.
You feel sick.
The jumping spider leaps!
You feel sick.
The jumping spider leaps!
You barely miss the jumping spider.
You feel sick. The jumping spider pounces on you.
The jumping spider bites you but does no damage.
You barely miss the jumping spider.
Your headbutt misses the jumping spider.
You feel sick.
You are no longer poisoned.
The jumping spider leaps!
You see here a redback corpse.
You closely miss the jumping spider.
Your headbutt misses the jumping spider.
The jumping spider pounces on you.
The jumping spider bites you but does no damage.
The jumping spider pounces on you!
* * * LOW HITPOINT WARNING * * *
The jumping spider bites you but does no damage.
You hit the jumping spider.
Your headbutt misses the jumping spider.
The jumping spider is lightly wounded.
The jumping spider pounces on you but does no damage.
The jumping spider bites you but does no damage.
You slash the jumping spider!
The jumping spider is heavily wounded.
The jumping spider pounces on you.
* * * LOW HITPOINT WARNING * * *
You are caught in a web!
The jumping spider bites you but does no damage.
Unknown command.
The web tears apart.
The jumping spider pounces on you!
* * * LOW HITPOINT WARNING * * *
The jumping spider bites you but does no damage.
You hit the jumping spider.
Your headbutt misses the jumping spider.
The jumping spider is severely wounded.
The jumping spider pounces on you!
You die...

########################
..............†.@s......
................†.......
############++##########


You could see a jumping spider.

Vanquished Creatures
  A naga warrior (D)
  A naga sharpshooter (D)
  A spriggan druid (D)
  3 harpies (D)
  A deep elf pyromancer (D)
  A cyclops (D)
  A salamander (D)
  A gargoyle (D)
  A demonic crawler (D)
  A jumping spider (D)
  2 redbacks (D)
  A naga (D)
  A floating eye (D)
  A wolf (D)
  An orc priest (D)
  Jessica (D)
  A river rat (D)
  A white imp (D)
  An ufetubus (D)
  An adder skeleton (D)
  A worm (D)
  3 orcs (D)
  An endoplasm (D)
  A giant cockroach (D)
  A goblin (D)
  2 hobgoblins (D)
  4 jackals (D)
  A kobold (D)
  2 quokkas (D)
  A bat (D)
  A quokka skeleton (D)
41 creatures vanquished.

Vanquished Creatures (collateral kills)
  A deep elf zephyrmancer (D)
1 creature vanquished.

Grand Total: 42 creatures vanquished

Notes
Turn   | Place    | Note
-------+----------+-------------------------------------------
     0 | D        | mhtbhm the Minotaur Berserker began the quest for the Orb.
     0 | D        | Reached XP level 1. HP: 19/19 MP: 0/0
    14 | D        | Reached skill level 4 in Axes
    56 | D        | Reached ** piety under Trog
   274 | D        | Reached skill level 5 in Fighting
   274 | D        | Reached skill level 5 in Axes
   274 | D        | Reached XP level 2. HP: 18/29 MP: 1/1
   462 | D        | Reached *** piety under Trog
   496 | D        | Noticed Jessica
   501 | D        | Killed Jessica
   502 | D        | Reached skill level 6 in Axes
   502 | D        | Reached XP level 3. HP: 21/37 MP: 2/2
   701 | D        | Found a bloodstained altar of Trog.
   701 | D        | Found a shimmering blue altar of Sif Muna.
   701 | D        | Found a viscous altar of Jiyva.
   701 | D        | Found a hazy altar of Hepliaklqana.
   701 | D        | Found an opulent altar of Gozag.
   727 | D        | Reached **** piety under Trog
   734 | D        | Reached ***** piety under Trog
   752 | D        | Reached skill level 7 in Axes
   752 | D        | Reached XP level 4. HP: 45/45 MP: 3/3
   754 | D        | Noticed a deep elf zephyrmancer
   769 | D        | Killed a deep elf zephyrmancer
   770 | D        | Reached skill level 11 in Axes
   770 | D        | Reached skill level 5 in Dodging
   770 | D        | Reached XP level 5. HP: 39/61 MP: 4/4
   770 | D        | Reached XP level 6. HP: 44/68 MP: 5/5
   770 | D        | Reached XP level 7. HP: 48/74 MP: 6/6
   809 | D        | Received a gift from Trog
   892 | D        | Paralysed by a floating eye for 3 turns
   899 | D        | Paralysed by a floating eye for 4 turns
   900 | D        | Reached skill level 12 in Axes
  1120 | D        | Found a glowing golden altar of the Shining One.
  1120 | D        | Found a glowing silver altar of Zin.
  1120 | D        | Found a basalt altar of Yredelemnul.
  1120 | D        | Found a shimmering altar of Xom.
  1120 | D        | Found an ornate altar of the Wu Jian Council.
  1120 | D        | Found a sacrificial altar of Ru.
  1120 | D        | Found a stormy altar of Qazlal.
  1120 | D        | Found an iron altar of Okawaru.
  1120 | D        | Found a sparkling altar of Nemelex Xobeh.
  1120 | D        | Found a burning altar of Makhleb.
  1120 | D        | Found a blossoming altar of Fedhas.
  1120 | D        | Found a white marble altar of Elyvilon.
  1120 | D        | Found a shadowy altar of Dithmenos.
  1120 | D        | Found a snail-covered altar of Cheibriados.
  1144 | D        | Noticed a deep elf pyromancer
  1144 | D        | Noticed a gargoyle
  1152 | D        | Killed a deep elf pyromancer
  1153 | D        | Reached skill level 13 in Axes
  1153 | D        | Reached XP level 8. HP: 63/85 MP: 7/7
  1156 | D        | Killed a gargoyle
  1157 | D        | Reached skill level 14 in Axes
  1335 | D        | Noticed a demonic crawler
  1335 | D        | Noticed a spriggan druid
  1335 | D        | Noticed a cyclops
  1338 | D        | Killed a spriggan druid
  1339 | D        | Reached skill level 15 in Axes
  1345 | D        | Killed a cyclops
  1345 | D        | Received a gift from Trog
  1346 | D        | Reached XP level 9. HP: 74/96 MP: 8/8
  1346 | D        | Killed a demonic crawler
  1347 | D        | Reached skill level 16 in Axes
  1347 | D        | Reached skill level 10 in Armour
  1347 | D        | Reached skill level 5 in Stealth
  1369 | D        | Noticed a naga warrior
  1392 | D        | Noticed a salamander
  1398 | D        | Killed a naga warrior
  1399 | D        | Reached skill level 15 in Fighting
  1399 | D        | Noticed a naga sharpshooter
  1402 | D        | Killed a salamander
  1403 | D        | Reached skill level 17 in Axes
  1409 | D        | Killed a naga sharpshooter
  1410 | D        | Reached XP level 10. HP: 15/107 MP: 9/9
  1547 | D        | Noticed a harpy
  1554 | D        | Noticed a harpy
  1555 | D        | Noticed a harpy
  1557 | D        | Killed a harpy
  1558 | D        | Reached skill level 18 in Axes
  1564 | D        | Killed a harpy
  1564 | D        | Received a gift from Trog
  1567 | D        | Killed a harpy
  1896 | D        | Reached ****** piety under Trog
  1910 | D        | Slain by a jumping spider

Illustrated notes

Levels and vault maps discovered:
D:        pitsprint [storerooms_1, entrance_room_1, metal_vault_2, armoury_1,
          mini_pit_1, grid_room_1, main_hall_1, silver_pit, the_coven_3,
          the_vestibule_1, steel_vault_2, golden_pit, hallway_of_sentries,
          crystal_vault_6, iron_vault_4, final_vault]

Skill      XL: |  1  2  3  4  5  6  7  8  9 10 |
---------------+-------------------------------+-----
Fighting       | 5 6 11 12 14 15 16 | 16.7
Axes           | 5 6 7 11 13 15 17 18 | 18.7
Armour         | 3 6 7 9 11 13 | 13.0
Dodging        | 3 5 6 7 8 |  8.4
Stealth        | 3 4 5 |  5.7

Action                   |  1- 3 |  4- 6 |  7- 9 | 10-12 || total
-------------------------+-------+-------+-------+-------++-------
Melee: Hand axe          |    40 |     1 |    21 |       ||    62
       Headbutt          |     5 |       |    13 |     2 ||    20
       War axe           |       |       |    32 |    24 ||    56
       Punch             |       |       |     1 |       ||     1
Invok: Berserk           |     1 |     1 |     2 |       ||     4
       Brothers in Arms  |       |     1 |       |       ||     1
  Use: Potion            |       |     2 |       |     2 ||     4
Armor: Animal skin       |     3 |       |       |       ||     3
       Ring mail         |     2 |     1 |    10 |       ||    13
       Chain mail        |       |       |    15 |    36 ||    51
Dodge: Dodged            |    16 |       |    22 |    20 ||    58

Table legend: (Time is in decaauts)
 A = Elapsed time spent in this place.
 B = Non-inter-level travel time spent in this place.
 C = Inter-level travel time spent in this place.
 D = Time resting spent in this place.
 E = Time spent auto-exploring this place.
 F = Levels seen in this place.
 G = Mean time per level.
                   A        B        C        D        E       F      G
               +--------+--------+--------+--------+--------+-----+--------+
         Total |   1924 |   1924 |      0 |   1352 |     96 |   1 | 1924.0 |
       Dungeon |   1924 |   1924 |      0 |   1352 |     96 |   1 | 1924.0 |
               +--------+--------+--------+--------+--------+-----+--------+

Top non-repeatable levels by time:
       D: 1924 daAuts
